 Dungeon Crawl Stone Soup version 0.31-a0-986-g5e6e4ef867 (webtiles) character file.

Game seed: 17808093890169585745

63 mandarbmax the Sneak (level 4, -1/23 HPs)
             Began as a Vine Stalker Brigand on Nov 17, 2023.
             Slain by Grinder (7 damage)
             ... on level 3 of the Dungeon.
             The game lasted 00:01:41 (1704 turns).

mandarbmax the Sneak (Vine Stalker Brigand)         Turns: 1704, Time: 00:01:42

Health: -1/23      AC:  3    Str: 13    XL:     4   Next: 10%
Magic:  0/5        EV: 12    Int: 11    God:
Gold:   37         SH:  0    Dex: 18    Spells: 3/3 levels left

rFire   . . .        a - +2 dagger
rCold   . . .        (no shield)
rNeg    . . .        b - +0 robe
rPois   .            (no helmet)
rElec   .            c - +0 cloak
rCorr   .            (no gloves)
SInv    .            (no boots)
Will    +....        o - amulet of faith
Stlth   +++          j - ring of willpower
HPRegen 1.03/turn    (no ring)
MPRegen 0.09/turn

%: guardian spirit, faith
@: no status effects
A: fangs 2, regeneration 1, magic shield, antimagic bite, no potion heal 2
a: no special abilities


You were on level 3 of the Dungeon.
You visited 1 branch of the dungeon, and saw 3 of its levels.

You collected 37 gold pieces.

Inventory:

Hand Weapons
 a - a +2 dagger (weapon)
Missiles
 d - 9 poisoned darts (quivered)
 e - 8 curare-tipped darts
Armour
 b - a +0 robe (worn)
 c - a +0 cloak (worn)
Jewellery
 j - a ring of willpower (left hand)
 o - an amulet of faith (around neck)
Scrolls
 f - 2 scrolls of identify {unknown}
 h - a scroll of immolation {unknown}
 i - a scroll of blinking {unknown}
 l - 4 scrolls of amnesia {unknown}
 m - a scroll of summoning {unknown}
Potions
 g - a potion of invisibility {unknown}
 k - a potion of attraction {unknown}
 n - a potion of enlightenment {unknown}


   Skills:
 - Level 2.0 Fighting
 * Level 3.5 Short Blades
 - Level 2.0 Throwing
 - Level 1.0 Dodging
 - Level 5.0 Stealth


You had 3 spell levels left.
You didn't know any spells.
Your spell library contained the following spells:

 Spells                   Type           Power      Damage    Failure   Level
 Shock                    Conj/Air       0%         1d3       34%         1
 Swiftness                Air            0%         N/A       71%         3
 Airstrike                Air            0%         2d(0-16)  98%         4


Dungeon Overview and Level Annotations

Branches:
Dungeon (3/15)

Altars:

Annotations:
D:2 1 runed translucent door, Crazy Yiuf
D:3 Grinder


Innate Abilities, Weirdness & Mutations

You have extremely sharp teeth.
Your natural rate of healing is unusually fast.
When hurt, damage is shared between your health and your magic reserves.
Your bite disrupts and absorbs the magic of your enemies.
Potions cannot restore your health.


Message History

You hit Grinder. You bite Grinder.
Grinder's magic leaks into the air.
You drain her magic.
You feel invigorated.
Grinder is lightly wounded.
Grinder hits you.
You writhe in agony.
You are too injured to fight recklessly!
You are too injured to fight recklessly!
You are too injured to fight recklessly!
You are too injured to fight recklessly!
You are too injured to fight recklessly!
You are too injured to fight recklessly!
You are too injured to fight recklessly!
You are too injured to fight recklessly!
You are too injured to fight recklessly!
You are too injured to fight recklessly!
You are too injured to fight recklessly!
You are too injured to fight recklessly!
You are too injured to fight recklessly!
You are too injured to fight recklessly!
You are too injured to fight recklessly!
Grinder's magic is no longer disrupted.
Grinder hits you.
You writhe in agony.
* * * LOW HITPOINT WARNING * * *
You closely miss Grinder. You bite Grinder.
Grinder's magic leaks into the air.
You drain her magic.
You feel invigorated.
Grinder is lightly wounded.
Grinder hits you.
* * * LOW HITPOINT WARNING * * *
You writhe in agony.
You hit Grinder.
Grinder is lightly wounded.
The endoplasm freezes you.
You are frozen.
* * * LOW HITPOINT WARNING * * *
Grinder falters for a moment.
Unknown command.
You hit Grinder. You bite Grinder, but do no damage.
Grinder is lightly wounded.
Grinder's magic is no longer disrupted.
The endoplasm closely misses you. Grinder hits you!
You die...
Grinder says, "Now the real fun starts!"

####.##..#.#.###...#
### #........#.#.#
#.## ..#
##.##.###.#.#.. .#
#.###...#.###.#.##.
# #.##..#..†......#
. #.##.....####.###
#......#.# ##.####.#
#.)....#.#
#.......##
#........#
#@J.......
#......#.#
#5#...!...
#......#.#
#.#.##..##
##..#####.. ..#.#
..#
####.<.............#
...
.......#####.#......
## #.###..# #.#####
# #.... .. ##.###


You could see Grinder and an endoplasm.

Vanquished Creatures
  2 adders (D:2)
  3 worms (D:2)
  3 dart slugs
  2 bats
  4 endoplasms
  A giant cockroach (D:2)
  3 hobgoblins
  A quokka (D:1)
  4 ball pythons
  A frilled lizard (D:1)
  4 goblins
  A kobold (D:1)
  2 rats
31 creatures vanquished.

Notes
Turn   | Place    | Note
-------+----------+-------------------------------------------
     0 | D:1      | mandarbmax the Vine Stalker Brigand began the quest for the
                  | Orb.
     0 | D:1      | Reached XP level 1. HP: 11/11 MP: 2/2
    90 | D:1      | Reached skill level 1 in Dodging
    90 | D:1      | Reached XP level 2. HP: 15/15 MP: 1/3
   289 | D:1      | Reached skill level 5 in Stealth
   668 | D:2      | Reached XP level 3. HP: 18/18 MP: 4/4
   914 | D:2      | Found a runed translucent door.
   915 | D:2      | Noticed Crazy Yiuf
  1275 | D:2      | Reached XP level 4. HP: 23/23 MP: 5/5
  1695 | D:3      | Noticed Grinder
  1704 | D:3      | Slain by Grinder

Illustrated notes

Levels and vault maps discovered:
D:1:      dpeg_arrival_refuge, layout_loops_cross
D:2:      layout_basic, grunt_ministairs_15, uniq_crazy_yiuf_cottage
D:3:      layout_loops_ring, cheibrodos_gnoll_hut, uniq_grinder, uniq_natasha

Skill      XL: |  1  2  3 |
---------------+----------+-----
Short Blades   | 2 3 |  3.5
Dodging        | 1 |  1.0
Throwing       | 2 |  2.0
Stealth        | 5 |  5.0
Fighting       | 2 |  2.0

Action                     |  1- 3 |  4- 6 || total
---------------------------+-------+-------++-------
  Melee: Dagger            |    65 |    14 ||    79
         Bite              |    20 |     5 ||    25
   Stab: Sleeping          |     8 |     3 ||    11
 Armour: Robe              |    21 |     6 ||    27
  Dodge: Dodged            |    25 |     6 ||    31

Table legend: (Time is in decaauts)
 A = Elapsed time spent in this place.
 B = Non-inter-level travel time spent in this place.
 C = Inter-level travel time spent in this place.
 D = Time resting spent in this place.
 E = Time spent auto-exploring this place.
 F = Levels seen in this place.
 G = Mean time per level.
                   A        B        C        D        E       F      G
               +--------+--------+--------+--------+--------+-----+--------+
         Total |   1692 |   1635 |     57 |      0 |   1410 |   3 |  564.0 |
       Dungeon |   1692 |   1635 |     57 |      0 |   1410 |   3 |  564.0 |
               +--------+--------+--------+--------+--------+-----+--------+

Top non-repeatable levels by time:
     D:2: 1023 daAuts
     D:1: 610 daAuts
     D:3: 58 daAuts
